 Dungeon Crawl Stone Soup version 0.19-a0-517-gd6a9987 (webtiles) character file.

460682 Aksej the Impaler (level 23, -6/241 HPs)
             Began as a Demonspawn Fighter on June 3, 2016.
             Was the Champion of Hepliaklqana.
             Killed from afar by a hellion (23 damage)
             ... with damnation
             ... on level 5 of the Abyss on June 6, 2016.
             The game lasted 04:54:45 (47106 turns).

Aksej the Impaler (Demonspawn Fighter)             Turns: 47106, Time: 04:54:46

Health: -6/241     AC: 45    Str: 21    XL:     23   Next: 36%
Magic:  39/39      EV: 13    Int: 19    God:    Hepliaklqana [******]
Gold:   5069       SH: 15    Dex: 23    Spells: 4 memorised, 29 levels left

rFire  . . .     SeeInvis .     a - +4 demon trident of Osaugoum {venom, rC+ MR+ Stlth+}
rCold  + + .     Gourm    .     t - +13 crystal plate armour of the Gate {MR+ Regen+ Int+2}
rNeg   + . .     Faith    .     Y - +3 shield
rPois  .         Spirit   .     (helmet restricted)
rElec  +         Dismiss  .     s - +2 cloak
rCorr  .         Reflect  .     W - +1 pair of gloves {Dex+3}
SustAt .         Harm     .     (boots unavailable)
MR     +++++     Clarity  +     p - amulet of regeneration
Stlth  ..........               E - ring of Bypouf {Fragile rN+ MR++ Dex+2 Stlth-}
                                K - ring "Vitsiri" {rC+ EV+3 Int+8 Dex+5}

@: about to teleport, almost entirely resistant to hostile enchantments,
extremely unstealthy
A: antennae 1, hooves 3, thin metallic scales 3, blurry vision 1, clarity,
clumsy 1, demonic guardian 3, dopey 1, foul stench 1, magic resistance 1,
mutation resistance 1, robust 3, electricity resistance, weak 1, wild magic 2,
no device heal 1, rot immunity
a: Recall Ancestor, Ancestor Identity, Transference, Idealise, Renounce Religion
}: 2/15 runes: barnacled, gossamer


You were on level 5 of the Abyss.
You worshipped Hepliaklqana.
Hepliaklqana was exalted by your worship.
You were not hungry.

You visited 7 branches of the dungeon, and saw 41 of its levels.
You visited the Abyss 1 time.
You also visited: Sewer, Ossuary and Volcano.

You collected 7145 gold pieces.
You spent 2076 gold pieces at shops.

Inventory:

Hand Weapons
 a - the +4 demon trident of Osaugoum (weapon) {venom, rC+ MR+ Stlth+}
   (You acquired it on level 2 of the Lair of Beasts)

   It poisons the flesh of those it strikes.
   It protects you from cold.
   It affects your resistance to hostile enchantments.
   It makes you more stealthy.
 b - a +7 scimitar of flaming
Missiles
 o - 5 javelins of returning
 r - 23 tomahawks (quivered)
 H - 36 javelins
 Z - 7 javelins of penetration
Armour
 s - a +2 cloak (worn)
 t - the +13 crystal plate armour of the Gate (worn) {MR+ Regen+ Int+2}
   (You acquired it on level 4 of the Spider Nest)

   It affects your intelligence (+2).
   It affects your resistance to hostile enchantments.
   It increases your rate of regeneration.
 W - a +1 pair of gloves of dexterity (worn)
 Y - a +3 shield (worn)
Jewellery
 p - an amulet of regeneration (around neck)
 E - the ring of Bypouf (right hand) {Fragile rN+ MR++ Dex+2 Stlth-}
   (You took it off a deep elf master archer on level 3 of the Elven Halls)

   [ring of loudness]

   It affects your dexterity (+2).
   It protects you from negative energy.
   It affects your resistance to hostile enchantments.
   It will be destroyed if unequipped.
   It makes you less stealthy.
 K - the ring "Vitsiri" (left hand) {rC+ EV+3 Int+8 Dex+5}
   (You found it on level 11 of the Dungeon)

   [ring of evasion]

   It affects your evasion (+3).
   It affects your intelligence (+8).
   It affects your dexterity (+5).
   It protects you from cold.
 X - an uncursed ring of sustain attributes {unknown}
Wands
 B - a wand of paralysis (19/24)
 P - a wand of confusion (16/48)
 S - a wand of teleportation (1/9)
 T - a wand of heal wounds (4/9)
 U - a wand of digging (8/24)
Scrolls
 j - 19 scrolls of remove curse
 l - 5 scrolls of fog
 m - a scroll of amnesia
 n - 10 scrolls of teleportation
 u - a scroll of identify
 y - 4 scrolls of fear
 z - a scroll of silence
 L - 3 scrolls of summoning
 N - 3 scrolls of magic mapping
 V - 5 scrolls of blinking
Potions
 e - 2 potions of berserk rage
 h - 12 potions of flight
 i - 7 potions of magic
 q - 5 potions of curing
 v - 2 potions of brilliance
 x - 8 potions of lignification
 A - 4 potions of cancellation
 C - a potion of agility
 G - 5 potions of ambrosia
 R - a potion of haste
Books
 c - a book of Frost

   Spells                             Type                      Level
   a - Freeze                         Ice                          1
   b - Throw Frost                    Conjuration/Ice              2
   c - Ozocubu's Armour               Charms/Ice                   3
   d - Throw Icicle                   Conjuration/Ice              4
   e - Summon Ice Beast               Ice/Summoning                4
 D - a book of Enchantments

   Spells                             Type                      Level
   a - Cause Fear                     Hexes                        4
   b - Yara's Violent Unravelling     Hexes/Transmutation          5
   c - Silence                        Hexes/Air                    5
   d - Deflect Missiles               Charms/Air                   6
   e - Haste                          Charms                       6
   f - Discord                        Hexes                        8
 F - a book of Necromancy

   Spells                             Type                      Level
   a - Pain                           Necromancy                   1
   b - Animate Skeleton               Necromancy                   1
   c - Vampiric Draining              Necromancy                   3
   d - Regeneration                   Charms/Necromancy            3
   e - Animate Dead                   Necromancy                   4
   f - Control Undead                 Necromancy                   4
 I - a book of Air

   Spells                             Type                      Level
   a - Shock                          Conjuration/Air              1
   b - Swiftness                      Charms/Air                   2
   c - Repel Missiles                 Charms/Air                   2
   d - Static Discharge               Conjuration/Air              3
   e - Lightning Bolt                 Conjuration/Air              5
 M - a book of Transfigurations

   Spells                             Type                      Level
   a - Irradiate                      Conjuration/Transmutation    5
   b - Statue Form                    Transmutation/Earth          6
   c - Hydra Form                     Transmutation                6
   d - Dragon Form                    Transmutation                7
 O - a book of Power

   Spells                             Type                      Level
   a - Fulminant Prism                Conjuration/Hexes            4
   b - Iskenderun's Mystic Blast      Conjuration                  4
   c - Venom Bolt                     Conjuration/Poison           5
   d - Bolt of Magma                  Conjuration/Fire/Earth       5
   e - Iron Shot                      Conjuration/Earth            6
   f - Orb of Destruction             Conjuration                  7
   g - Spellforged Servitor           Conjuration/Summoning        7
Comestibles
 d - 4 slices of pizza
 f - 28 bread rations
 g - 39 fruits
 k - 19 meat rations
 w - 22 royal jellies


   Skills:
 * Level 16.7 Fighting
 * Level 10.0 Long Blades
 * Level 18.9 Polearms
 + Level 2.2 Throwing
 * Level 13.7 Armour
 * Level 11.8 Dodging
 + Level 9.6 Stealth
 + Level 8.0 Shields
 * Level 12.5 Spellcasting
 * Level 8.7 Charms
 * Level 10.2 Necromancy
 * Level 10.5 Transmutations
 * Level 8.4 Air Magic
 + Level 0.6 Invocations
 + Level 1.2 Evocations


You had 29 spell levels left.
You knew the following spells:

 Your Spells              Type           Power        Failure   Level  Hunger
a - Hydra Form            Tmut           ######....   100%        6    ######.
b - Animate Dead          Necr           N/A          98%         4    #......
c - Haste                 Chrm           ######..     100%        6    ######.
d - Swiftness             Chrm/Air       ######..     52%         2    None


Dungeon Overview and Level Annotations

Branches:
Dungeon (15/15)            Temple (0/1) D:7            Lair (8/8) D:8
 Shoals (4/4) Lair:6       Spider (4/4) Lair:5        Slime (0/6) Lair:8
    Orc (2/2) D:11            Elf (3/3) Orc:2        Vaults (0/5) D:13
 Depths (5/5) D:15            Zot (0/5) Depths:5

Altars:
Ashenzari
Cheibriados
Elyvilon
Fedhas
Gozag
Hepliaklqana
Kikubaaqudgha
Makhleb
Okawaru
Qazlal
Ru
Sif Muna
Trog
Vehumet
The Shining One
Beogh

Shops:
D:5 !   D:9 [   D:10 ![!(   D:15 [:?}(   Orc:2 ?!(:   Depths:1 *   Depths:2 :

Portals:
Hell: Depths:1 Depths:2 Depths:3 Depths:4 Depths:5
Abyss: Depths:1 Depths:4 Depths:5
Pandemonium: Depths:2 Depths:3
Ziggurat: Depths:3

Annotations:
D:15 1 runed door
Elf:2 2 runed doors


Innate Abilities, Weirdness & Mutations

You have hooves in place of feet.
You are completely covered in thin metallic scales. (AC +4, rElec)
A powerful demonic guardian rushes to your aid.
You may emit foul miasma when damaged in melee.
You are extremely robust. (+30% HP)
You are immune to rotting.
You have a pair of small antennae on your head.
Scrolls take you a little longer to read.
You possess an exceptional clarity of mind.
You are clumsy. (Dex -2)
You are resistant to hostile enchantments. (MR+)
You are somewhat resistant to further mutation.
You are resistant to electric shocks. (rElec)
You are weak. (Str -2)
Your spells are harder to cast, but more powerful.
Potions and wands are less effective at restoring your health.
[You are dopey. (Int -2)]


Message History

The starcursed mass shudders and is absorbed by its neighbour.
The hellion gestures at you.
The sphere of damnation explodes!
The damnation engulfs you!
* * * LOW HITPOINT WARNING * * *
Your cacodemon hits the starcursed mass!
The starcursed mass shudders and withdraws towards its neighbour. x5
The starcursed mass engulfs your cacodemon.
Your cacodemon gestures at the starcursed mass.
The shadow imp twists and deforms.
The shadow imp disappears in a puff of smoke!
The starcursed mass engulfs your cacodemon!
The hellion gestures at you.
The sphere of damnation explodes!
The damnation engulfs you!
* * * LOW HITPOINT WARNING * * *
The damnation engulfs the Hell Sentinel.
The Hell Sentinel completely resists.
You hear a bark!
The hellion gestures at you.
The sphere of damnation explodes!
The damnation engulfs you!
You die...

### # # ..#
.#...## #.#...
## ####..#§### .
#.##..#@##...#
..##∩....1..#
......#..XX#.#.#
.......X.X.#....
#......X...####
#......2##§.##.§
#.....2[.†.....
##....X...##...
##3.X.##...###


You could see 5 starcursed masses, a Hell Sentinel, a large abomination, a
hellion and a friendly cacodemon.

Vanquished Creatures
  A juggernaut (Depths:2)
  Sojobo (Depths:2)
  2 caustic shrikes (Depths:2)
  A golden dragon (Depths:5)
  A bone dragon (Abyss:3)
  A hellephant (Abyss:5)
  Arachne (Spider:4)
  2 liches (Depths:5)
  A tentacled monstrosity (Depths:4)
  2 quicksilver dragons
  A deep elf master archer (Elf:3)
  2 deep elf blademasters (Elf:3)
  A titan (Depths:4)
  5 tentacled starspawn
  A kraken (Shoals:3)
  3 sphinxes
  A shadow dragon (Depths:4)
  4 tengu reavers
  Roxanne (Spider:4)
  2 fire giants
  A daeva (Abyss:5)
  6 deep elf sorcerers
  9 frost giants
  A ghost moth (Spider:4)
  An iron dragon (Depths:4)
  A draconian knight (Abyss:5)
  A draconian zealot (Depths:5)
  5 emperor scorpions
  Louise (Elf:3)
  4 deep elf elementalists (Elf:3)
  A juggernaut zombie (Depths:4)
  10 very ugly things
  2 spriggan defenders (Depths:4)
  2 reapers (Abyss:3)
  10 stone giants
  Nessos (Lair:5)
  3 vampire knights
  4 deep elf annihilators (Elf:3)
  6 deep elf demonologists
  A black draconian (Depths:5)
  Azrael (D:14)
  A yellow draconian (Depths:5)
  A mottled draconian (Abyss:3)
  A purple draconian (Depths:5)
  5 deep elf death magi
  Snorg (D:13)
  7 ettins
  An eidolon (Abyss:5)
  6 merfolk impalers
  A merfolk javelineer (Shoals:1)
  A jiangshi (Depths:3)
  A yaktaur captain (Depths:5)
  10 fire dragons
  12 entropy weavers
  3 great orbs of eyes
  5 rakshasas
  4 merfolk avatars
  9 ice dragons
  4 spriggan air magi
  The ghost of Gottschkopf the Nimble, a journeyman DECj of Vehumet (Lair:1)
  Erolcha (D:8)
  14 hydras
  4 catoblepae
  A death knight (Abyss:4)
  4 centaur warriors
  4 satyrs
  3 merfolk aquamancers
  5 ogre magi
  15 dancing weapons
  Erica (D:8)
  2 orc high priests
  10 death yaks (Lair:8)
  7 deep troll earth magi (Depths:1)
  7 tengu warriors
  8 thrashing horrors
  4 deep troll shamans
  4 spriggan berserkers
  16 deep elf knights
  3 vampire magi
  Nergalle (Orc:2)
  10 small abominations
  Urug (Volcano)
  5 skeletal warriors (D:13)
  8 wretched stars
  A salamander mystic (Depths:4)
  2 wizards
  An iron troll (Depths:4)
  A shadow wraith (Abyss:5)
  5 hell knights
  3 unseen horrors
  A golden dragon zombie (Depths:4)
  3 spatial maelstroms
  3 shadow demons
  7 hill giants
  47 starcursed masses
  4 giant orange brains
  2 flayed ghosts
  13 deep trolls
  8 sea snakes
  Pikel (D:6)
  12 deep elf archers
  14 orb spiders
  An orc knight (Orc:2)
  5 necromancers
  6 harpies
  28 large abominations
  60 deep elf magi
  2 phantasmal warriors (Depths:5)
  32 wolf spiders
  18 fauns
  A cyclops (D:14)
  16 manticores
  A worldbinder (Abyss:3)
  A tengu skeleton (Depths:4)
  8 orc sorcerers (Orc:2)
  12 ugly things
  3 salamanders (Depths:4)
  2 moths of wrath
  An iron dragon skeleton (Abyss:3)
  A shining eye (shapeshifter) (Depths:4)
  8 griffons
  A manticore (shapeshifter) (Depths:3)
  An octopode (shapeshifter) (Elf:3)
  11 elephants
  5 sirens
  A guardian serpent (Abyss:1)
  2 apocalypse crabs (Abyss:5)
  6 water nymphs
  A torpor snail (Spider:2)
  A black mamba (Lair:8)
  A hellion (Abyss:5)
  9 smoke demons
  14 spiny frogs
  A naga mage (D:15)
  11 demonic crawlers
  A rime drake (Lair:7)
  9 yaktaurs
  A kobold demonologist (Depths:3)
  An efreet (D:11)
  5 centaur skeletons
  2 tormentors
  7 komodo dragons
  5 trolls
  4 hellwings (Abyss:5)
  6 ancient zymes (Abyss:5)
  46 jumping spiders
  A troll (shapeshifter) (Depths:5)
  13 merfolk
  4 tengu conjurers
  4 harpy zombies (Shoals:2)
  A hexer (Depths:3)
  A queen bee (Spider:4)
  2 polar bears (D:14)
  Prince Ribbit (D:8)
  A jumping spider (shapeshifter) (Depths:5)
  4 two-headed ogres
  27 blink frogs
  37 raiju
  6 snapping turtles
  22 slime creatures
  An alligator zombie (Abyss:5)
  A blink frog (shapeshifter) (Elf:1)
  An ice dragon skeleton (Depths:1)
  2 spriggans (Depths:4)
  4 flying skulls (Abyss:3)
  93 redbacks
  3 wraiths (D:15)
  6 air elementals
  39 tarantellas
  2 wyverns
  12 water elementals
  Sigmund (D:2)
  51 yaks
  2 deep troll skeletons (Depths:1)
  12 ynoxinuls
  2 basilisks
  8 fire bats
  3 fire elementals
  6 chaos spawn
  5 golden eyes (Abyss:5)
  2 hungry ghosts
  A steam dragon (D:10)
  4 neqoxecs
  A hippogriff (shapeshifter) (Elf:1)
  8 hippogriffs
  2 wargs
  12 water moccasins
  A soldier ant (shapeshifter) (Abyss:5)
  2 soldier ants (D:14)
  4 hell hounds
  7 porcupines
  3 giant eyeballs (Depths:4)
  A hornet simulacrum (D:15)
  A giant eyeball (shapeshifter) (Depths:5)
  19 orc warriors
  7 wasps
  5 ice beasts
  3 phantoms
  4 eyes of draining
  4 sky beasts
  4 necrophages (Lair:6)
  18 ogres
  23 wolves
  11 boggarts
  22 centaurs
  9 crocodiles
  3 big kobolds
  A wyvern zombie (Ossuary)
  4 earth elementals
  14 giant frogs
  5 scorpions
  2 hippogriff zombies (Shoals:2)
  24 killer bees
  An electric eel (Lair:5)
  6 wights (D:10)
  A howler monkey (D:8)
  6 crimson imps
  A wasp zombie (Ossuary)
  3 quasits
  8 hounds
  5 centaur zombies
  3 giant frog zombies
  3 giant frog skeletons
  6 orc priests
  27 orc wizards
  9 iguanas
  An iron imp (Depths:5)
  17 worker ants
  23 sheep
  A killer bee zombie (Ossuary)
  A hound zombie (D:10)
  A hound skeleton (D:8)
  9 mummies (Ossuary)
  A howler monkey zombie (D:6)
  3 worker ant zombies
  9 gnolls
  5 adders
  25 river rats
  2 shadow imps
  An ufetubus (Abyss:3)
  An adder skeleton (D:7)
  An adder zombie (Ossuary)
  4 worms
  8 giant geckos
  54 orcs
  3 ball pythons
  7 giant cockroaches
  3 goblins (D:1)
  5 hobgoblins
  18 jackals
  7 quokkas
  8 bats
  A giant cockroach zombie (D:6)
  3 giant gecko zombies
  5 giant newts
  A jackal zombie (Ossuary)
  18 kobolds
  A quokka skeleton (D:8)
  3 quokka zombies
  2 rats
  2 bushes (Lair:2)
  A butterfly (Lair:2)
  A plant (Shoals:4)
  11 starspawn tentacles
  A starspawn tentacle segment (Abyss:5)
  3 tentacles (Shoals:2)
1762 creatures vanquished.

Vanquished Creatures (collateral kills)
  An ancient lich (Abyss:5)
  A juggernaut (Depths:1)
  Saint Roka (Depths:1)
  A caustic shrike (Depths:2)
  Nikola (Elf:3)
  The ghost of Arkorax the Warrior, an adept DsGl of Ashenzari (Depths:3)
  A tentacled monstrosity (Depths:3)
  2 liches
  A deep elf blademaster (Elf:2)
  A deep elf master archer (Elf:3)
  A tentacled starspawn (Abyss:5)
  2 tengu reavers (Depths:2)
  2 shadow dragons (Depths:5)
  A storm dragon (Depths:4)
  2 deep elf sorcerers (Elf:3)
  3 frost giants
  Aizul (Depths:1)
  A fire giant (Depths:2)
  A ghost moth (Spider:4)
  Donald (Elf:2)
  A draconian shifter (Depths:5)
  2 emperor scorpions (Spider:4)
  A vampire knight (Depths:3)
  7 very ugly things
  A deep elf demonologist (Depths:3)
  A stone giant (Depths:1)
  4 slime creatures
  A mottled draconian (Depths:5)
  A purple draconian (Depths:5)
  A green death (Abyss:5)
  2 deep elf death magi (Elf:3)
  A merfolk javelineer (Shoals:4)
  2 ettins
  A jiangshi (Depths:3)
  2 fire dragons
  The ghost of gitgud34 the Grappler, a journeyman VSMo of Yredelemnul (Lair:5)
  2 yaktaur captains
  3 deep elf high priests (Elf:3)
  3 rakshasas
  6 entropy weavers
  3 hydras
  4 ice dragons
  2 great orbs of eyes
  A ghost crab (shapeshifter) (D:14)
  2 centaur warriors
  A merfolk avatar (Shoals:1)
  2 spriggan air magi (Depths:5)
  6 dancing weapons
  3 hell hogs (Abyss:5)
  A deep troll shaman (Depths:1)
  A tengu warrior (Depths:4)
  4 thrashing horrors
  3 deep troll earth magi (Depths:1)
  2 spriggan berserkers
  An orc high priest (Depths:3)
  2 ogre magi (Depths:1)
  A vampire mage (Depths:2)
  3 deep elf knights
  A hell knight (Depths:3)
  A spriggan (Depths:5)
  3 wizards
  A shadow wraith (Abyss:5)
  2 giant orange brains
  A shadow demon (Depths:3)
  2 deep trolls (Depths:1)
  A spatial maelstrom (Abyss:5)
  An unseen horror (D:13)
  A flayed ghost (Depths:1)
  An orc knight (D:11)
  2 deep elf archers (Elf:3)
  3 sea snakes
  2 hill giants
  9 deep elf magi
  4 harpies
  3 griffons
  3 ugly things
  5 wolf spiders
  3 orb spiders
  A faun (Shoals:3)
  2 manticores
  4 elephants
  2 centaur zombies
  A torpor snail (Lair:7)
  3 spiny frogs
  A water nymph (Shoals:3)
  Psyche (D:8)
  An apocalypse crab (Abyss:5)
  3 smoke demons
  A kobold demonologist (Depths:3)
  2 rime drakes
  A red devil (Depths:1)
  6 jumping spiders
  5 merfolk
  8 two-headed ogres
  6 blink frogs
  5 raiju (Abyss:5)
  3 large abominations (Abyss:5)
  An air elemental (Elf:2)
  A centaur simulacrum (D:15)
  2 fire elementals
  8 yaks
  11 redbacks
  A wraith (D:11)
  5 tarantellas
  3 small abominations (Abyss:5)
  5 water elementals
  A neqoxec (Abyss:5)
  A chaos spawn (Abyss:5)
  A hungry ghost (D:9)
  A hippogriff (Lair:3)
  2 spatial vortices (Abyss:5)
  Grum (D:8)
  An elf simulacrum (Depths:4)
  Menkaure (D:6)
  2 water moccasins
  A hell hound (Depths:3)
  3 sky beasts
  5 orc warriors
  2 ice beasts
  2 wasps
  A phantom (D:7)
  An eye of draining (D:11)
  A black bear (D:6)
  8 ogres
  2 necrophages (Lair:6)
  10 starcursed masses
  5 boggarts
  2 wolves
  8 centaurs
  2 crocodiles
  A big kobold (D:9)
  5 giant frogs
  A gnoll sergeant (D:7)
  A scorpion (D:7)
  3 killer bees
  An electric eel (Lair:6)
  2 crimson imps
  A giant frog zombie (Ossuary)
  4 hounds
  A jelly (D:5)
  2 orc priests
  2 iguanas
  A worker ant (D:5)
  3 mummies (Ossuary)
  4 orc wizards
  4 sheep
  A hound skeleton (D:5)
  A worker ant zombie (Ossuary)
  5 gnolls
  4 river rats
  3 adders
  4 oozes
  3 adder zombies
  An adder skeleton (D:6)
  2 worms (Sewer)
  12 orcs
  8 bats
  A giant cockroach (D:5)
  7 jackals
  3 quokkas
  A giant gecko skeleton (D:6)
  A giant gecko zombie (D:6)
  A goblin (D:3)
  A jackal zombie (D:6)
  4 kobolds
  2 quokka zombies
  A rat (D:2)
  A crawling corpse (Elf:3)
  A fungus (Lair:5)
  2 plants (D:8)
  A tentacle (Shoals:3)
424 creatures vanquished.

Vanquished Creatures (others)
  Norris (Elf:3)
  A fire giant (Depths:3)
  Ilsuiw (Shoals:4)
  An emperor scorpion (Spider:4)
  A deep elf elementalist (Elf:3)
  An ogre mage (Depths:4)
  A deep elf knight (Elf:3)
  2 deep elf magi (Elf:3)
  A large abomination (Abyss:3)
  A small abomination (Elf:3)
  A slime creature (D:11)
  A two-headed ogre (Depths:1)
  A redback (Spider:2)
  A boggart (Depths:4)
  An ogre (Depths:1)
  A jelly (Abyss:4)
  64 hexers
  An orc wizard (Orc:2)
  3 ancestors
  An orc (Orc:2)
  7 fungi
  A lurking horror (Abyss:5)
  51 plants
  11 starspawn tentacles
  339 starspawn tentacle segments (Abyss:5)
  11 tentacles
  883 tentacle segments
  3 withered plants (Ossuary)
1392 creatures vanquished.

Grand Total: 3578 creatures vanquished

Notes
Turn   | Place    | Note
--------------------------------------------------------------
     0 | D:1      | Aksej the Demonspawn Fighter began the quest for the Orb.
     0 | D:1      | Reached XP level 1. HP: 18/18 MP: 1/1
   251 | D:1      | Gained mutation: You have large cloven feet. [demonic ancestry]
   251 | D:1      | Reached XP level 2. HP: 19/24 MP: 2/2
   714 | D:2      | You fall through a shaft for 2 floors!
   729 | D:4      | Reached skill level 2 in Polearms
   729 | D:4      | Reached skill level 1 in Dodging
   729 | D:4      | Gained mutation: A weak demonic guardian rushes to your aid. [demonic ancestry]
   729 | D:4      | Reached XP level 3. HP: 21/29 MP: 3/3
   985 | D:4      | Found a radiant altar of Vehumet.
  1449 | D:2      | Found a hazy altar of Hepliaklqana.
  1453 | D:2      | Became a worshipper of Hepliaklqana
  1503 | D:2      | Found a bloodstained altar of Trog.
  1516 | D:2      | Found an iron altar of Okawaru.
  1563 | D:2      | Noticed Sigmund
  1567 | D:2      | Gained mutation: You are partially covered in thin metallic scales. (AC +2) [demonic ancestry]
  1567 | D:2      | Reached XP level 4. HP: 34/35 MP: 5/5
  1688 | D:2      | Killed Sigmund
  1688 | D:2      | Reached skill level 1 in Spellcasting
  1688 | D:2      | Reached XP level 5. HP: 28/42 MP: 6/6
  1946 | D:3      | Gained mutation: You are immune to rotting. [demonic ancestry]
  1946 | D:3      | Reached XP level 6. HP: 35/48 MP: 8/8
  2549 | D:4      | Got an encrusted scale mail
  2550 | D:4      | Identified the cursed +0 scale mail "Vura" {rPois Str-4 Dex+7} (You found it on level 4 of the Dungeon)
  2711 | D:4      | Reached * piety under Hepliaklqana
  2748 | D:4      | Found an ancient bone altar of Kikubaaqudgha.
  2748 | D:4      | Found a blossoming altar of Fedhas.
  2831 | D:4      | Reached skill level 3 in Polearms
  3246 | D:5      | Entered Level 5 of the Dungeon
  3249 | D:5      | Reached skill level 5 in Armour
  3249 | D:5      | Gained mutation: You may emit foul miasma when damaged in melee. [demonic ancestry]
  3249 | D:5      | Reached XP level 7. HP: 54/54 MP: 9/9
  3500 | D:5      | Found a deep blue altar of Sif Muna.
  3503 | D:5      | Found a white marble altar of Elyvilon.
  3517 | D:5      | Found a sacrificial altar of Ru.
  3520 | D:5      | Found a glowing golden altar of the Shining One.
  3821 | D:5      | Reached skill level 4 in Polearms
  3975 | D:5      | Gained mutation: [You are dopey. (Int -2)] [mutagenic meat]
  3979 | D:5      | Gained mutation: You are robust. (+10% HP) [mutagenic meat]
  3980 | D:5      | Gained mutation: You are resistant to electric shocks. (rElec) [mutagenic meat]
  3981 | D:5      | Gained mutation: Your body sometimes deteriorates upon taking damage. [mutagenic meat]
  3982 | D:5      | Gained mutation: Your spells are a little harder to cast, but a little more powerful. [mutagenic meat]
  3983 | D:5      | Gained mutation: Your spells are harder to cast, but more powerful. [mutagenic meat]
  3992 | D:5      | Found a glowing golden altar of the Shining One.
  4111 | D:5      | Found Taeted's Distillery.
  4119 | D:5      | Bought a potion of mutation for 30 gold pieces
  4119 | D:5      | Gained mutation: You are somewhat resistant to further mutation. [potion of mutation]
  4212 | D:5      | Reached XP level 8. HP: 67/67 MP: 11/11
  4218 | D:5      | Found a burning altar of Makhleb.
  4274 | D:6      | Noticed Menkaure
  4281 | D:6      | Killed Menkaure
  4281 | D:6      | Reached skill level 5 in Fighting
  4367 | D:6      | Reached ** piety under Hepliaklqana
  4368 | D:6      | Remembered your ancestor Bintanath as a hexer
  4496 | D:6      | Found a stormy altar of Qazlal.
  4553 | D:6      | Found a glowing drain.
  4557 | Sewer    | Entered a sewer
  5237 | D:6      | Found a radiant altar of Vehumet.
  5253 | D:6      | Noticed Pikel
  5279 | D:6      | Killed Pikel
  5279 | D:6      | Reached skill level 5 in Polearms
  5344 | D:7      | Gained mutation: You have hoof-like feet. [demonic ancestry]
  5344 | D:7      | Reached XP level 9. HP: 74/75 MP: 13/13
  5542 | D:7      | Found a staircase to the Ecumenical Temple.
  5568 | D:7      | Found an opulent altar of Gozag.
  5756 | D:7      | Found a snail-covered altar of Cheibriados.
  5919 | D:8      | Noticed Grum
  5930 | D:8      | Killed Grum
  5939 | D:8      | Reached skill level 6 in Polearms
  5976 | D:8      | Noticed Erolcha
  5991 | D:8      | Killed Erolcha
  6030 | D:8      | Found a sand-covered staircase.
  6096 | D:8      | Noticed Psyche
  6178 | Ossuary  | Entered an ossuary
  6250 | Ossuary  | Reached XP level 10. HP: 86/86 MP: 16/16
  6276 | Ossuary  | Reached skill level 7 in Polearms
  6495 | D:8      | Reached *** piety under Hepliaklqana
  6542 | D:8      | Killed Psyche
  6574 | D:8      | Noticed Prince Ribbit
  6580 | D:8      | Killed Prince Ribbit
  6651 | D:8      | Identified a scroll of acquirement
  6772 | D:8      | Found a staircase to the Lair.
  7024 | D:8      | Noticed Erica
  7045 | D:8      | Killed Erica
  7155 | D:9      | Reached skill level 8 in Polearms
  7209 | D:9      | Reached skill level 5 in Spellcasting
  7486 | D:9      | Found a shattered altar of Ashenzari.
  7541 | D:9      | Reached skill level 5 in Dodging
  7720 | D:9      | Upgraded the game from 0.19-a0-462-g6140235 to 0.19-a0-517-gd6a9987
  7835 | D:9      | Found Zucwuobe's Antique Armour Shoppe.
  7840 | D:9      | Bought a cloak for 144 gold pieces
  7987 | D:10     | Entered Level 10 of the Dungeon
  7987 | D:10     | Reached **** piety under Hepliaklqana
  8016 | D:10     | Found Muteesec's Distillery.
  8021 | D:10     | Bought a potion of lignification for 30 gold pieces
  8021 | D:10     | Bought 2 potions of heal wounds for 100 gold pieces
  8021 | D:10     | Bought a potion of heal wounds for 50 gold pieces
  8021 | D:10     | Bought a potion of curing for 30 gold pieces
  8021 | D:10     | Bought a potion of ambrosia for 80 gold pieces
  8160 | D:10     | Gained mutation: You are mostly covered in thin metallic scales. (AC +3) [demonic ancestry]
  8160 | D:10     | Reached XP level 11. HP: 93/95 MP: 18/18
  8423 | D:10     | Found Gyomol's Distillery.
  8423 | D:10     | Found Pius Yss's Antique Weapon Emporium.
  8437 | D:10     | Bought a potion of heal wounds for 60 gold pieces
  8437 | D:10     | Bought a potion of curing for 36 gold pieces
  8437 | D:10     | Bought a potion of heal wounds for 60 gold pieces
  8459 | D:10     | Found Safiozxa's Antique Armour Shop.
  8464 | D:10     | Reached skill level 9 in Polearms
  8715 | D:11     | Noticed a hill giant
  8719 | D:11     | Found a staircase to the Orcish Mines.
  8725 | D:11     | Killed a hill giant
  8752 | D:11     | Noticed a red ugly thing
  8762 | D:11     | Killed a red ugly thing
  8849 | D:11     | Noticed a hill giant
  8849 | D:11     | Noticed a hill giant
  8853 | D:11     | Noticed a hill giant
  8865 | D:11     | Noticed a rakshasa
  8932 | D:11     | Killed a hill giant
  8938 | D:12     | Noticed a hill giant
  8948 | D:12     | Killed a hill giant
  9145 | D:12     | Killed an unseen horror
  9192 | D:12     | Reached ***** piety under Hepliaklqana
  9387 | D:11     | Killed a rakshasa
  9387 | D:11     | Reached skill level 10 in Polearms
  9395 | D:11     | Noticed a purple ugly thing
  9395 | D:11     | Noticed a green ugly thing
  9754 | D:11     | Noticed a hill giant
  9786 | D:11     | Killed a hill giant
  9798 | D:11     | Killed a hill giant
  9872 | D:11     | Killed a hill giant
  9878 | D:11     | HP: 1/99 [efreet/fireball (7)]
  9882 | D:11     | Killed a green ugly thing
  9893 | D:11     | Noticed an orc knight
  9901 | D:11     | Killed a green ugly thing
  9901 | D:11     | Reached XP level 12. HP: 82/106 MP: 21/21
 10010 | D:11     | Reached skill level 10 in Fighting
 10059 | D:11     | Got an ancient lead ring
 10095 | D:11     | Identified the ring "Vitsiri" {rC+ EV+3 Int+8 Dex+5} (You found it on level 11 of the Dungeon)
 10341 | D:11     | Reached skill level 11 in Polearms
 10731 | D:12     | Noticed a centaur warrior
 10740 | D:12     | Killed a centaur warrior
 11041 | D:13     | Noticed Snorg
 11049 | D:13     | Killed Snorg
 11269 | D:13     | Learned a level 6 spell: Hydra Form
 11359 | D:13     | Noticed a centaur warrior
 11366 | D:13     | Killed a centaur warrior
 11366 | D:13     | Reached skill level 1 in Transmutations
 11399 | D:13     | Reached skill level 12 in Polearms
 11400 | D:13     | Noticed an ogre mage
 11802 | D:14     | Noticed Azrael
 11827 | D:14     | Killed Azrael
 11827 | D:14     | Reached XP level 13. HP: 50/116 MP: 23/23
 13148 | D:13     | Reached skill level 13 in Polearms
 13171 | D:13     | Reached skill level 1 in Throwing
 13236 | D:13     | Found a gate to the Vaults.
 13507 | D:13     | Gained mutation: Your muscles are strong. (Str +2) [mutagenic meat]
 13711 | D:15     | Entered Level 15 of the Dungeon
 13781 | D:15     | Found a snail-covered altar of Cheibriados.
 13852 | D:15     | Reached skill level 1 in Long Blades
 13864 | D:15     | Found Otrenyib's Gadget Shoppe.
 13891 | D:15     | Reached ****** piety under Hepliaklqana
 13894 | D:15     | Found a white marble altar of Elyvilon.
 13894 | D:15     | Noticed an angel
 13895 | D:15     | Found a runed door.
 13906 | D:15     | Found Edosche's Antique Weapon Boutique.
 13995 | D:15     | Found Geph's Magic Scroll Emporium.
 14014 | D:15     | Bought a scroll of enchant weapon for 90 gold pieces
 14014 | D:15     | Bought a scroll of identify for 24 gold pieces
 14014 | D:15     | Bought a scroll of identify for 24 gold pieces
 14050 | D:15     | Found Dopsi's Book Shoppe.
 14154 | D:15     | Found Idarag's Antique Armour Shop.
 14160 | D:15     | Bought a shimmering troll leather armour for 500 gold pieces
 14170 | D:15     | Identified the cursed +0 troll leather armour "Ifelurha" {*Corrode +Fly Regen+ SInv Stlth+} (You bought it in a shop on level 15 of the Dungeon)
 14343 | D:15     | Gained mutation: You have hooves in place of feet. [demonic ancestry]
 14343 | D:15     | Reached XP level 14. HP: 123/126 MP: 25/25
 14363 | D:15     | Reached skill level 10 in Armour
 14568 | D:15     | Found a staircase to the Depths.
 14692 | Orc:1    | Entered Level 1 of the Orcish Mines
 15124 | Orc:2    | Entered Level 2 of the Orcish Mines
 15195 | Orc:2    | Found a staircase to the Elven Halls.
 15870 | Orc:2    | Found Lyteg's Distillery.
 15880 | Orc:2    | Bought a potion of lignification for 48 gold pieces
 15880 | Orc:2    | Bought a potion of heal wounds for 80 gold pieces
 15880 | Orc:2    | Bought a potion of ambrosia for 128 gold pieces
 15880 | Orc:2    | Bought a potion of ambrosia for 128 gold pieces
 15903 | Orc:2    | Found a radiant altar of Vehumet.
 15919 | Orc:2    | Found Mosegicon's Antique Weapon Shoppe.
 15943 | Orc:2    | Noticed Nergalle
 15946 | Orc:2    | Killed Nergalle
 15986 | Orc:2    | Found a roughly hewn altar of Beogh.
 15988 | Orc:2    | Found Basches's Book Shoppe.
 16039 | Orc:2    | Found an ancient bone altar of Kikubaaqudgha.
 16055 | Orc:2    | Found Juit's Magic Scroll Emporium.
 16056 | Orc:2    | Paralysed by an orc sorcerer for 5 turns
 16087 | Orc:2    | Bought a scroll of identify for 28 gold pieces
 16087 | Orc:2    | Bought a scroll of enchant armour for 105 gold pieces
 16087 | Orc:2    | Bought a scroll of remove curse for 42 gold pieces
 16087 | Orc:2    | Bought a scroll of remove curse for 42 gold pieces
 16087 | Orc:2    | Bought a scroll of silence for 105 gold pieces
 16484 | Lair:1   | Entered Level 1 of the Lair of Beasts
 16851 | Lair:1   | Noticed Gottschkopf's ghost (journeyman DECj)
 16866 | Lair:1   | Killed Gottschkopf's ghost
 16949 | Lair:1   | Reached skill level 1 in Stealth
 17730 | Lair:2   | Got a slimy demon trident
 17731 | Lair:2   | Identified the +4 demon trident of Osaugoum {venom, rC+ MR+ Stlth+} (You acquired it on level 2 of the Lair of Beasts)
 18051 | Lair:2   | Reached skill level 14 in Polearms
 19777 | Lair:4   | You fall through a shaft for 3 floors!
 19969 | Lair:7   | Gained mutation: You are completely covered in thin metallic scales. (AC +4, rElec) [demonic ancestry]
 19969 | Lair:7   | Reached XP level 15. HP: 130/134 MP: 27/27
 20122 | Lair:7   | Found a dark tunnel.
 20131 | Volcano  | Entered a volcano
 20150 | Volcano  | Noticed Urug
 20169 | Volcano  | Killed Urug
 21017 | Lair:6   | Reached skill level 5 in Transmutations
 21269 | Lair:6   | Found a staircase to the Shoals.
 21638 | Lair:5   | Learned a level 4 spell: Animate Dead
 21800 | Lair:5   | Noticed gitgud34's ghost (journeyman VSMo)
 21816 | Lair:5   | Killed gitgud34's ghost
 21934 | Lair:5   | Reached skill level 1 in Necromancy
 21969 | Lair:5   | Found a hole to the Spider Nest.
 22096 | Lair:5   | Noticed Nessos
 22116 | Lair:5   | Killed Nessos
 22130 | Lair:5   | Lost mutation: You are somewhat resistant to further mutation. [potion of cure mutation]
 22130 | Lair:5   | Lost mutation: Your body sometimes deteriorates upon taking damage. [potion of cure mutation]
 22130 | Lair:5   | Lost mutation: Your muscles are strong. (Str +2) [potion of cure mutation]
 22130 | Lair:5   | Lost mutation: [You are dopey. (Int -2)] [potion of cure mutation]
 22641 | Lair:8   | Entered Level 8 of the Lair of Beasts
 22932 | Lair:8   | Found a staircase to the Slime Pits.
 24249 | D:15     | Bought a glowing cloak for 112 gold pieces
 24600 | Shoals:1 | Entered Level 1 of the Shoals
 24734 | Shoals:1 | Reached XP level 16. HP: 106/144 MP: 28/28
 25274 | Shoals:1 | Learned a level 6 spell: Haste
 25282 | Shoals:1 | Learned a level 2 spell: Swiftness
 25627 | Shoals:2 | Reached skill level 5 in Stealth
 25870 | Shoals:2 | Reached skill level 15 in Polearms
 25886 | Shoals:2 | Reached skill level 1 in Charms
 26041 | Shoals:2 | Reached skill level 1 in Air Magic
 26044 | Shoals:2 | Reached skill level 5 in Long Blades
 26117 | Shoals:2 | Noticed a kraken
 26742 | Shoals:3 | Noticed a kraken
 26764 | Shoals:3 | Killed a kraken
 26892 | Shoals:4 | Entered Level 4 of the Shoals
 27047 | Shoals:4 | Noticed Ilsuiw
 27087 | Shoals:4 | Killed Ilsuiw
 27482 | Shoals:4 | Got a barnacled rune of Zot
 27518 | Shoals:3 | Gained mutation: You are very robust. (+20% HP) [demonic ancestry]
 27518 | Shoals:3 | Reached XP level 17. HP: 116/165 MP: 30/30
 27692 | Spider:1 | Entered Level 1 of the Spider Nest
 27983 | Lair:5   | Reached skill level 10 in Dodging
 28900 | Spider:2 | Lost mutation: You are very robust. (+20% HP) [potion of mutation]
 29483 | Spider:3 | Reached skill level 5 in Necromancy
 30350 | Spider:4 | Entered Level 4 of the Spider Nest
 30591 | Spider:4 | Reached XP level 18. HP: 71/160 MP: 31/31
 30658 | Spider:4 | Got a transparent crystal plate armour
 30680 | Spider:4 | Identified the +13 crystal plate armour of the Gate {MR+ Regen+ Int+2} (You acquired it on level 4 of the Spider Nest)
 30747 | Spider:4 | Noticed Arachne
 30895 | Spider:4 | Killed Arachne
 31001 | Spider:4 | Reached skill level 10 in Spellcasting
 31602 | Spider:4 | Got a gossamer rune of Zot
 31728 | Spider:4 | Noticed Roxanne
 31758 | Spider:4 | Killed Roxanne
 32311 | Elf:1    | Entered Level 1 of the Elven Halls
 32448 | Elf:1    | Noticed a Hell Sentinel
 32604 | Elf:1    | Got a brightly glowing scale mail
 32605 | Elf:1    | Identified the +1 scale mail of Hepliaklqana {rElec rPois} (You acquired it on level 1 of the Elven Halls)
 32702 | Elf:1    | Gained mutation: Your magical capacity is low. (-10% MP) [mutagenic meat]
 32742 | Elf:1    | Reached skill level 5 in Charms
 32955 | Elf:1    | Identified the Handbook of Conjuration and the Entourage
 33047 | Elf:1    | Reached skill level 16 in Polearms
 33348 | Elf:1    | Identified the Incunabulum of Conjuration
 33421 | Elf:1    | Reached skill level 5 in Shields
 33960 | Elf:2    | Gained mutation: You possess an exceptional clarity of mind. [potion of mutation]
 33960 | Elf:2    | Gained mutation: You are weak. (Str -2) [potion of mutation]
 33960 | Elf:2    | Gained mutation: You are clumsy. (Dex -2) [potion of mutation]
 34138 | Elf:2    | Noticed Donald
 34139 | Elf:2    | Found a large runed door.
 34139 | Elf:2    | Found a large runed door.
 34154 | Elf:2    | Killed Donald
 34181 | Elf:2    | Found a large runed door.
 34181 | Elf:2    | Found a large runed door.
 34236 | Elf:3    | Entered Level 3 of the Elven Halls
 34279 | Elf:3    | Noticed Norris
 34311 | Elf:3    | Killed Norris
 34311 | Elf:3    | Gained mutation: A demonic guardian rushes to your aid. [demonic ancestry]
 34311 | Elf:3    | Reached XP level 19. HP: 161/168 MP: 30/30
 34446 | Elf:3    | Noticed Nikola
 34465 | Elf:3    | Killed Nikola
 34510 | Elf:3    | Noticed Louise
 34527 | Elf:3    | Killed Louise
 35262 | Elf:3    | Reached skill level 5 in Air Magic
 35339 | Elf:3    | Reached skill level 1 in Evocations
 35574 | Elf:3    | Got a brightly glowing bone ring
 35575 | Elf:3    | Identified the ring of Bypouf {Fragile rN+ MR++ Dex+2 Stlth-} (You took it off a deep elf master archer on level 3 of the Elven Halls)
 35638 | Elf:3    | Identified the Handbook of Fetching Confrontation
 35644 | Elf:3    | Identified the Incunabulum of Contamination and Dislocation
 36186 | Elf:2    | Reached skill level 15 in Fighting
 36805 | Depths:1 | Entered Level 1 of the Depths
 36841 | Depths:1 | Noticed Aizul
 36901 | Depths:1 | Noticed a lich
 36958 | Depths:1 | Killed Aizul
 37231 | Depths:1 | Gained mutation: A powerful demonic guardian rushes to your aid. [demonic ancestry]
 37231 | Depths:1 | Reached XP level 20. HP: 131/178 MP: 31/31
 37495 | Depths:1 | Reached skill level 17 in Polearms
 37613 | Depths:1 | Noticed Saint Roka
 37662 | Depths:1 | Killed Saint Roka
 37891 | Depths:1 | Noticed a juggernaut
 37905 | Depths:1 | Killed a juggernaut
 37968 | Depths:1 | Found a one-way gate to the infinite horrors of the Abyss.
 38070 | Depths:1 | Gained mutation: Your mind is acute. (Int +2) [mutagenic meat]
 38360 | Depths:1 | Found a gateway to Hell.
 38583 | Depths:1 | Lost mutation: Your magical capacity is low. (-10% MP) [mutagenic meat]
 38585 | Depths:1 | Gained mutation: Scrolls take you a little longer to read. [mutagenic meat]
 38586 | Depths:1 | Gained mutation: Your spells are much harder to cast, but much more powerful. [mutagenic meat]
 38592 | Depths:1 | Lost mutation: Your mind is acute. (Int +2) [mutagenic meat]
 38593 | Depths:1 | Gained mutation: You have a pair of small antennae on your head. [mutagenic meat]
 38594 | Depths:1 | Gained mutation: [You are dopey. (Int -2)] [mutagenic meat]
 38595 | Depths:1 | Gained mutation: You are very robust. (+20% HP) [mutagenic meat]
 38638 | Depths:1 | Found Denkut's Demolitions Depot.
 39091 | Depths:2 | Found Lecliopo's Book Boutique.
 39129 | Depths:2 | Noticed a juggernaut
 39170 | Depths:2 | Killed a juggernaut
 39646 | Depths:2 | Found a one-way gate leading to the halls of Pandemonium.
 39699 | Depths:2 | Noticed Sojobo
 39772 | Depths:2 | Killed Sojobo
 40118 | Depths:2 | Noticed a caustic shrike
 40118 | Depths:2 | Noticed a caustic shrike
 40118 | Depths:2 | Noticed a caustic shrike
 40128 | Depths:2 | Killed a caustic shrike
 40135 | Depths:2 | Killed a caustic shrike
 40150 | Depths:2 | Killed a caustic shrike
 40339 | Depths:2 | Gained mutation: You are extremely robust. (+30% HP) [demonic ancestry]
 40339 | Depths:2 | Reached XP level 21. HP: 195/219 MP: 36/36
 40340 | Depths:2 | Remembered your ancestor Bintanath casting Mass Confusion
 40477 | Depths:3 | Noticed Arkorax's ghost (adept DsGl)
 40553 | Depths:3 | Killed Arkorax's ghost
 40854 | Depths:3 | Found a gateway to a ziggurat.
 41427 | Depths:3 | Lost mutation: Your spells are much harder to cast, but much more powerful. [mutagenic meat]
 41428 | Depths:3 | Gained mutation: You are resistant to hostile enchantments. (MR+) [mutagenic meat]
 41696 | Depths:3 | Found a deep blue altar of Sif Muna.
 42738 | Depths:4 | Reached XP level 22. HP: 204/231 MP: 37/37
 42837 | Depths:4 | Reached skill level 18 in Polearms
 43158 | Depths:4 | Lost mutation: [You are dopey. (Int -2)] [mutagenic meat]
 43161 | Depths:4 | Gained mutation: You are somewhat resistant to further mutation. [mutagenic meat]
 43317 | Depths:4 | Gained mutation: Potions and wands are less effective at restoring your health. [a shining eye]
 43460 | Depths:5 | Entered Level 5 of the Depths
 43973 | Depths:5 | Found a sacrificial altar of Ru.
 44061 | Depths:5 | Noticed a golden dragon
 44072 | Depths:5 | Killed a golden dragon
 44102 | Depths:5 | Found a gate to the Realm of Zot.
 44202 | Depths:5 | Reached skill level 10 in Transmutations
 44832 | Depths:5 | Voluntarily entered the Abyss.
 45217 | Abyss:3  | Paralysed by accursed screaming for 1 turns
 45298 | Abyss:3  | Found a corrupted altar of Lugonu.
 45641 | Abyss:3  | Reached skill level 10 in Necromancy
 45828 | Abyss:4  | Paralysed by accursed screaming for 1 turns
 46059 | Abyss:4  | Paralysed by accursed screaming for 1 turns
 46094 | Abyss:5  | Entered Level 5 of the Abyss
 46094 | Abyss:5  | Found a corrupted altar of Lugonu.
 46494 | Abyss:5  | Reached XP level 23. HP: 216/241 MP: 39/39
 46604 | Abyss:5  | Found a corrupted altar of Lugonu.
 46649 | Abyss:5  | Paralysed by you for 7 turns
 46757 | Abyss:5  | Found a corrupted altar of Lugonu.
 46793 | Abyss:5  | Noticed an ancient lich
 46806 | Abyss:5  | Killed an ancient lich
 46911 | Abyss:5  | Paralysed by accursed screaming for 1 turns
 47067 | Abyss:5  | Reached skill level 10 in Long Blades
 47106 | Abyss:5  | Killed from afar by a hellion

Vault maps used:
D:1:      dpeg_arrival_houses_and_road
D:2:      amethyst_overflow_temple_binary, marbit_many_paths, uniq_sigmund
D:3:      forest_paths, first_bread
D:4:      grunt_temple_overflow_growth_and_decay, old_standard_altar,
          kennysheep_generic_room_16
D:5:      kennysheep_six_static_rooms, makhleb_heckhound_becter,
          grunt_temple_overflow_cloverleaf, serial_shops,
          nicolae_shop_statue_plus, basic_altar
D:6:      gup_sewer_entry_bowl, serial_undead, serial_undead_f, serial_undead_e,
          serial_undead_c, serial_undead_d, hangedman_feature_mirror,
          uniq_menkaure, uniq_pikel
D:7:      kennysheep_mini, nicolae_gozag_cash_rules_everything_around_me,
          minmay_temple_entry_from_below_a
D:8:      david_lair_shrubbed, nicolae_ossuary_entry_false_entrances,
          uniq_erolcha, uniq_prince_ribbit1, uniq_psyche, uniq_erica, uniq_grum
D:9:      nicolae_overflow_hidden_temple, serial_shops, kennysheep_little_box
D:10:     serial_shops, shop, shop, shop, shop
D:11:     hangedman_cross_cluster, orc_0_dummy
D:13:     hangedman_vaults_entry_quadrant_bands, uniq_snorg
D:14:     minmay_fountain_box, portal_ice_cave_entry_animals_and_master,
          hangedman_pestilent_swarm, uniq_azrael
D:15:     grunt_enter_depths_magical_seal, serial_shops, shop, shop, shop, shop,
          shop, cheibriados_altar_1, lemuel_angel_altar
Lair:1:   grunt_megastairs_5, infiniplex_staircase_pool_2, lemuel_fruit_fields
Lair:2:   minmay_hedge_maze, minivault_24, serial_bayou_crossing,
          grunt_megastairs_1
Lair:4:   grunt_megastairs_2
Lair:5:   dummy_spider_entry, serial_bayou_ford_a, serial_bayou_shore_b,
          uniq_nessos
Lair:6:   minmay_shoals_entry_hut, roderic_carrion_pond, grunt_megastairs_3
Lair:7:   nicolae_volcano_entry_lava_flow, minivault_19, serial_bayou_shore_b
Lair:8:   evilmike_catoblepas_cave, slime_dummy, infiniplex_staircase_pool,
          lemuel_fruit_fields
Shoals:2: nicolae_shoals_undead_eyrie
Shoals:3: nicolae_shoals_kraken_intersection
Shoals:4: shoals_end_grunt_garden, shoals_ilsuiw_alternative
Spider:4: grunt_spider_rune_circles, special_room, uniq_arachne, uniq_roxanne
Orc:2:    kennysheep_orc_mage_school
Elf:1:    elf_arrival_001, minmay_elf_annihilation,
          nicolae_elf_glass_and_crystal_pillar_2, minmay_elf_sorcery
Elf:2:    uniq_donald
Elf:3:    elf_hall_gauntlet_wide, uniq_norris, uniq_louise, uniq_nikola
Depths:1: minmay_swirls_squares, hellmouth_1, abyss_entry,
          hangedman_decor_peaks_small, minmay_misc_feat_doors,
          nicolae_blasting_shop, serial_bayou_shore_b, serial_bayou_shore_b,
          serial_bayou_shore_b, uniq_saint_roka, uniq_aizul
Depths:2: hourglass_vault, hell_entry, pan_entry, serial_shops, shop_statue,
          minmay_staircase_bubble, serial_bayou_shore_a, uniq_sojobo
Depths:3: evilmike_cross, enter_ziggurat_f, pan_entry, roderic_serpentine_path,
          special_room, hell_entry, serial_sigils_hangedman_gnaw,
          minmay_crystal_room, hangedman_summoners_spam,
          infiniplex_staircase_diamond, serial_bayou_shore_b,
          serial_bayou_shore_b
Depths:4: minmay_imperfect_grid, hell_entry, abyss_entry
Depths:5: grunt_zot_entry_tricorne, lemuel_crystal_altar, abyss_entry,
          grunt_hell_entry_dis_grunt
Abyss:3:  evilmike_abyss_rune_tso_outpost
Abyss:4:  hangedman_abyss_or_decor_lesser_grid, nicolae_abyss_rune_star_stuff,
          due_exit_kobolds, minivault_5
Abyss:5:  evilmike_abyss_exit_3, nicolae_abyss_rune_star_stuff
Sewer:    sewer_fruit_machine
Ossuary:  ossuary_zaba_flooded
Volcano:  volcano_pools

Skill      XL: |  1  2  3  4  5  6  7  8  9 10 11 12 13 14 15 16 17 18 19 20 21 22 23 |
---------------+----------------------------------------------------------------------+-----
Armour         | 3 4 5 6 7 8 9 10 11 12 13 | 13.7
Polearms       | 2 3 4 5 6 8 10 12 13 14 15 16 17 18 | 18.9
Dodging        | 1 2 3 4 5 6 8 9 10 11 | 11.8
Spellcasting   | 1 2 3 4 5 6 7 8 9 10 11 12 | 12.5
Fighting       | 4 6 7 8 9 11 12 13 14 15 16 | 16.7
Transmutations | 1 3 4 5 6 7 8 9 10 | 10.5
Throwing       | 1 2 |  2.2
Long Blades    | 1 3 4 5 6 7 8 9 10 | 10.0
Stealth        | 2 4 5 6 7 8 9 |  9.6
Shields        | 3 4 5 6 7 8 |  8.0
Necromancy     | 2 4 5 6 7 8 9 10 | 10.2
Charms         | 2 4 5 6 7 8 |  8.7
Air Magic      | 2 3 4 5 6 7 8 |  8.4
Evocations     | 1 |  1.2
Invocations    | |  0.6

Action                   |  1- 3 |  4- 6 |  7- 9 | 10-12 | 13-15 | 16-18 | 19-21 | 22-24 || total
-------------------------+-------+-------+-------+-------+-------+-------+-------+-------++-------
Melee: Trident           |   143 |   180 |   288 |       |       |       |       |       ||   611
       Kick              |    32 |    39 |    21 |       |   400 |   738 |   854 |   773 ||  2857
       Halberd           |       |       |   165 |    84 |       |       |       |       ||   249
       Glaive            |       |       |       |   640 |   674 |       |       |       ||  1314
       Scimitar          |       |       |       |       |    42 |       |    35 |       ||    77
       Demon trident     |       |       |       |       |   798 |  2145 |  2043 |  1707 ||  6693
Throw: Tomahawk          |       |       |       |     6 |     7 |    96 |    28 |       ||   137
       Javelin           |       |       |       |       |    17 |       |       |       ||    17
Invok: Recall Ancestor   |       |     1 |       |     5 |     6 |     1 |       |     3 ||    16
       Ancestor Life: He |       |       |     1 |       |       |       |       |       ||     1
       Transference      |       |       |       |       |       |     2 |     3 |       ||     5
Hexer: Mass Confu        |       |       |       |       |       |       |     1 |       ||     1
Evoke: Wand              |       |       |     1 |     3 |     3 |    27 |    13 |     3 ||    50
  Use: Scroll            |     6 |     6 |     9 |    18 |    17 |    29 |    16 |     6 ||   107
       Potion            |       |     5 |     7 |    13 |     9 |    19 |    10 |     4 ||    67
 Stab: Distracted        |       |     2 |     9 |    14 |    29 |    34 |    35 |    12 ||   135
       Confused          |       |       |     6 |    19 |    24 |    35 |    59 |    77 ||   220
       Sleeping          |       |       |       |       |    38 |    22 |       |       ||    60
       Paralysed         |       |       |       |       |    36 |   119 |    85 |    43 ||   283
       Held in net/web   |       |       |       |       |       |     1 |       |       ||     1
       Invisible         |       |       |       |       |       |       |       |     3 ||     3
       Petrifying        |       |       |       |       |       |       |       |     1 ||     1
  Eat: Chunk             |     2 |     6 |    14 |    26 |    40 |    26 |    43 |    16 ||   173
       Meat ration       |       |       |     1 |       |       |       |       |       ||     1
       Beef jerky        |       |       |       |     1 |     3 |     5 |       |     1 ||    10
       Royal jelly       |       |       |       |       |       |     1 |     3 |     2 ||     6
Armor: Scale mail        |    78 |    80 |   220 |   237 |   105 |       |       |       ||   720
       Skin              |       |     1 |       |       |    13 |       |       |       ||    14
       Troll leather arm |       |       |       |       |   164 |   329 |       |       ||   493
       Crystal plate arm |       |       |       |       |       |   291 |   986 |   494 ||  1771
Dodge: Dodged            |    75 |    97 |   233 |   349 |   653 |  1185 |   490 |   356 ||  3438
Block: Shield            |       |       |       |       |   220 |  1083 |   904 |   666 ||  2873
